Map: Orbital Shipyard

Players

Matiz

  • Race: Zerg Zerg
  • League: Master

Dragon - Winner!

  • Race: Terran Terran
  • League: Master

Event: Lycan League Weekly August #1

VOD

Have the link to the VOD?

Description

Time

  • Played on: Aug. 3, 2015, 12:47 p.m.
  • Length: 4:52

All games in this series

Show
View Real Time Build Order
Export as new Build Order

Matiz Zerg 

Build Orders: Hatch First 

Get SALT Encoding   

  12  0:01  Drone  
  13  0:12  Overlord  
  13  0:18  Drone  
  14  0:25  Extractor  
  14  0:26  Drone  
  15  0:31  Drone  
  16  0:35  Drone  
  17  0:53  Hatchery  
  17  0:56  Drone  
  17  0:57  Drone  
  18  1:12  Spawning Pool  
  18  1:14  Drone  
  18  1:18  Drone  
  19  1:28  Extractor  
  19  1:29  Drone  
  19  1:41  Overlord  
  19  1:59  Queen, Zergling x2  
  22  2:05  Drone, Queen  
  22  2:06  Drone  
  26  2:11  Drone  
  27  2:16  Drone  
  29  2:22  Drone  
  29  2:27  Drone, Roach Warren  
  29  2:32  Drone  
  30  2:37  Overlord  
  30  2:44  Overlord  
  30  2:48  Overlord  
  30  3:08  Roach  
  30  3:09  Roach x6  
  30  3:11  Roach  
  46  3:15  Drone x3  
  46  3:18  Drone  
  50  3:22  Drone  
  50  3:25  Drone  
  52  3:31  Overlord  
  52  3:34  Drone  
  53  3:47  Drone x3  
  53  3:48  Drone, Overlord  
  56  3:49  Drone  
  57  3:55  Hatchery  
  57  3:58  Roach  
  58  4:07  Drone x2  
  58  4:09  Extractor  
  59  4:14  Drone x2  
  61  4:20  Drone x2  
  61  4:21  Drone x2  
  65  4:25  Drone x2  
Show
View Real Time Build Order
Export as new Build Order

Dragon Terran - Winner!

Build Orders: Command Center First (CC) 

Get SALT Encoding   

  12  0:01  SCV  
  13  0:13  SCV  
  14  0:19  Supply Depot  
  14  0:25  SCV  
  15  0:40  SCV  
  16  0:53  SCV  
  17  1:03  Command Center  
  17  1:05  SCV  
  18  1:16  Barracks  
  18  1:17  SCV  
  19  1:22  Refinery  
  19  1:29  SCV  
  20  1:37  Refinery  
  20  1:41  SCV  
  21  1:53  SCV  
  22  2:04  Marine  
  22  2:07  Orbital Command  
  23  2:14  Orbital Command  
  23  2:22  Factory  
  23  2:23  Barracks Reactor  
  23  2:33  SCV  
  24  2:41  SCV  
  25  2:45  SCV  
  26  2:53  SCV  
  26  2:57  SCV, Refinery  
  28  3:08  Starport  
  28  3:09  SCV x2  
  28  3:10  Barracks Reactor  
  28  3:12  Hellion x2  
  34  3:13  Supply Depot  
  34  3:20  Armory  
  34  3:23  SCV x2  
  36  3:33  Hellion  
  38  3:34  Hellion  
  38  3:40  Supply Depot  
  40  3:42  SCV x2  
  40  3:44  Supply Depot  
  42  3:56  Medivac x2  
  46  4:03  Factory Tech Lab, Marine x2  
  46  4:06  SCV x2  
  46  4:09  Supply Depot x2  
  50  4:21  Marine x2  
  50  4:22  SCV x2  
  56  4:35  SCV x2  

Tags
 
Add a new tag
Caveats
  • Supply blocks, unpowered buildings, or Contaminate may cause inaccurate times.
  • Supply counts are checked every 10 seconds.